 Dungeon Crawl Stone Soup version 0.25-a0-890-g62861fb195 (webtiles) character file.

Game seed: 6024499876344641812, levelgen mode: deterministic

14 Error4North the Shield-Bearer (level 2, 21/27 HPs)
             Began as a Deep Dwarf Fighter on May 2, 2020.
             Quit the game on level 1 of the Dungeon.
             The game lasted 00:01:08 (88 turns).

Error4North the Shield-Bearer (Deep Dwarf Fighter)    Turns: 88, Time: 00:01:09

Health: 21/27      AC:  6    Str: 19    XL:     2   Next: 31%
Magic:  2/2        EV:  7    Int:  8    God:
Gold:   11         SH:  9    Dex: 12    Spells: 1/1 levels left

rFire    . . .     SeeInvis .   a - +0 war axe
rCold    . . .     Gourm    .   c - +0 kite shield
rNeg     . . .     Faith    .   b - +0 scale mail
rPois    .         Spirit   .   (no helmet)
rElec    .         Reflect  .   (no cloak)
rCorr    .         Harm     .   (no gloves)
MR       .....                  (no boots)
Stlth    ..........             (no amulet)
HPRegen  0.00/turn              (no ring)
MPRegen  0.08/turn              (no ring)

@: non-regenerating
A: damage resistance, heal wounds, sense surroundings 1, no regeneration
a: Heal Wounds


You were on level 1 of the Dungeon.
You were not hungry.

You visited 1 branch of the dungeon, and saw 1 of its levels.

You collected 11 gold pieces.

Inventory:

Hand Weapons
 a - a +0 war axe (weapon)
Armour
 b - a +0 scale mail (worn)
 c - a +0 kite shield (worn)
Potions
 d - a potion of might
 e - a potion of invisibility {unknown}
Comestibles
 f - a ration
 g - 3 chunks of flesh


   Skills:
 + Level 2.9 Fighting
 + Level 2.4 Axes
 + Level 3.5 Armour
 * Level 0.1 Dodging
 + Level 3.5 Shields


You had one spell level left.
You didn't know any spells.
Your spell library was empty.

Dungeon Overview and Level Annotations

Branches:
Dungeon (1/15)

Altars:


Innate Abilities, Weirdness & Mutations

You are resistant to damage.
You can heal yourself by infusing magical energy.
You passively map a small area around you.
You do not regenerate.


Message History

You block the dart slug's attack.
Things that are here:
a frilled lizard corpse; a ball python corpse The dart slug bites you but does no damage.
Things that are here:
a frilled lizard corpse; a ball python corpse You hit the dart slug but do no damage.
The dart slug is severely wounded.
The dart slug barely misses you.
You slash the dart slug!
You kill the dart slug!
Things that are here:
a frilled lizard corpse; a ball python corpse Butcher a frilled lizard corpse? [(y)es/(n)o/(a)ll/(q)uit/?]
You butcher the frilled lizard corpse.
You butcher the ball python corpse.
g - 2 chunks of flesh (gained 1);
g - 3 chunks of flesh (gained 1)
Things that are here:
a frilled lizard skeleton; a ball python skeleton Are you sure you want to abandon this character and quit the game? (Confirm with "yes".)

, ###+#####.# *
........#.# , ,
........#.#**,# * *
........#.., .. ,, ,
........#.# *.#
........#.# .# * , ,
$.......#.###.# #
........@.....###.#
........#.##......#
...*###?....))......#
* ... #####.####.##.#,
* #.#* #.####.#* ,
#####.##### #......# *
......>...# #.####.#
###....##.# #.# #.#
....#..##.#####.####.#


There were no monsters in sight!

Vanquished Creatures
  2 dart slugs (D:1)
  A ball python (D:1)
  A bat (D:1)
  A goblin (D:1)
  3 hobgoblins (D:1)
  A frilled lizard (D:1)
9 creatures vanquished.

Notes
Turn   | Place    | Note
-------+----------+-------------------------------------------
     0 | D:1      | Error4North the Deep Dwarf Fighter began the quest for the
                  | Orb.
     0 | D:1      | Reached XP level 1. HP: 20/20 MP: 1/1
    70 | D:1      | Reached XP level 2. HP: 24/27 MP: 2/2
    88 | D:1      | Quit the game

Levels and vault maps discovered:
D:1:      evilmike_arrival_plus, layout_basic, dk_noncrumbling_3

Action                   || total
-------------------------++-------
Melee: War axe           ||    17
Armor: Scale mail        ||    10
Dodge: Dodged            ||     7
Block: Kite shield       ||    10

Table legend:
 A = Non-vault XP
 B = Vault XP
 C = Vault XP percentage of total XP
 D = Non-vault monster count
 E = Vault monster count
 F = Vault count percentage of total count
                 A         B        C        D         E       F
            +---------+---------+-------+---------+---------+-------
      Total |      21 |       0 |   0.0 |       9 |       0 |   0.0
            +---------+---------+-------+---------+---------+-------
        D:1 |      21 |       0 |   0.0 |       9 |       0 |   0.0
            +---------+---------+-------+---------+---------+-------
